 Dungeon Crawl Stone Soup version 0.32-a0-699-g1ee5eff69a (webtiles) character file.

Game seed: 17682290480791597070

114 adelrune the Shooter (level 4, -1/34 HPs)
             Began as a Coglin Hunter on Mar 13, 2024.
             Slain by Natasha (6 damage)
             ... on level 4 of the Dungeon.
             The game lasted 00:03:25 (2099 turns).

adelrune the Shooter (Coglin Hunter)                Turns: 2099, Time: 00:03:26

Health: -1/34      AC:  4    Str: 11    XL:     4   Next: 98%
Magic:  4/4        EV: 11    Int:  9    God:
Gold:   195        SH:  0    Dex: 19    Spells: 3/3 levels left

rFire   . . .        a - +2 sling {Miranda}
rCold   . . .        d - +0 sling {Myungok}
rNeg    . . .        c - +0 leather armour
rPois   .            (no helmet)
rElec   .            (no cloak)
rCorr   .            (no gloves)
SInv    .            m - +0 pair of boots
Will    .....        (amulet unavailable)
Stlth   ++           (ring unavailable)
HPRegen 0.25/turn    (ring unavailable)
MPRegen 0.09/turn    (no gizmo)

%: no passive effects
@: slowed, revving, very slow
A: off-hand wielding, slow wielding, warmup strikes, no jewellery
a: Invent Gizmo


You were on level 4 of the Dungeon.
You visited 1 branch of the dungeon, and saw 4 of its levels.

You collected 195 gold pieces.

Inventory:

Hand Weapons
 a - a +2 sling (weapon) {Miranda}
 d - a +0 sling (offhand) {Myungok}
Armour
 c - a +0 leather armour (worn)
 m - a +0 pair of boots (worn)
Scrolls
 b - a scroll of butterflies
 e - a scroll of immolation {unknown}
 f - 3 scrolls of fog {unknown}
 i - 3 scrolls of identify {unknown}
 k - a scroll of revelation {unknown}
 l - a scroll of enchant weapon {unknown}
 o - 3 scrolls of torment {unknown}
 p - a scroll of blinking {unknown}
Potions
 g - 2 potions of enlightenment {unknown}
 h - 2 potions of resistance {unknown}
 j - a potion of curing {unknown}
 n - a potion of invisibility {unknown}
 q - a potion of brilliance {unknown}


   Skills:
 + Level 2.9 Fighting
 * Level 4.7 Ranged Weapons
 + Level 2.6 Dodging
 - Level 0.7 Stealth


You had 3 spell levels left.
You didn't know any spells.
Your spell library contained the following spells:

 Spells                   Type           Power      Damage    Failure   Level
 Kiss of Death            Conj/Necr      0%         2d5       47%         1
 Confusing Touch          Hex            0%         N/A       85%         3
 Dispel Undead            Necr           0%         3d6       99%         4


Dungeon Overview and Level Annotations

Branches:
Dungeon (4/15)
 Temple: D:4-7

Altars:
Cheibriados
Elyvilon
Xom

Annotations:
D:4 Natasha


Innate Abilities, Weirdness & Mutations

You can wield a second weapon in your off-hand.
It takes a long time for you to wield or remove held weapons.
Your first few attacks do less damage.
You cannot equip rings or amulets.


Message History

You shoot a sling bullet. The sling bullet barely misses the orc.
You shoot a sling bullet.
The sling bullet hits the orc but does no damage.
The orc is severely wounded.
The orc hits you but does no damage. The ball python barely misses you. x2
The ball python grabs you. The ball python constricts you.
The orc hits you with a +1 falchion of protection.
You shoot a sling bullet.
The sling bullet barely misses the ball python.
You shoot a sling bullet.
The sling bullet closely misses the ball python.
Natasha claws you.
The ball python bites you but does no damage.
The ball python constricts you. The orc hits you but does no damage.
The ball python bites you. The ball python constricts you.
Natasha stares at you and mumbles some strange words.
The magic dart hits you!
The orc hits you with a +1 falchion of protection.
* * * LOW HITPOINT WARNING * * *
You are too injured to fight recklessly!
The ball python's grasp on you weakens, but your attempt to escape fails.
The ball python bites you but does no damage.
The ball python constricts you. Natasha claws you but does no damage.
The orc hits you with a +1 falchion of protection.
* * * LOW HITPOINT WARNING * * *
The ball python bites you but does no damage.
The ball python constricts you.
You escape the ball python's grasp.
Natasha casts a spell at you.
You feel as though you will be slow longer.
The orc attacks as it pursues you! The orc closely misses you.
The ball python attacks as it pursues you!
The ball python closely misses you. The orc attacks as it pursues you!
The orc closely misses you. Natasha attacks as she pursues you!
Natasha barely misses you.
The ball python attacks as it pursues you!
The ball python barely misses you. x2; The orc barely misses you.
Natasha claws you.
You die...
Natasha begins licking her fur clean.

#..........#
#.......<..#
#..........#
#..........# ..
#..........# #...
##..).....##
#....##........##
#....#..........#
#.........@h....#
#.........So....#
#....#......?)..#
.....................
#######..............
###.......)...!
.....#....>...
#.#####........ #..
#........


You could see Natasha, an orc and a ball python.

Vanquished Creatures
  An iguana (D:4)
  2 adders
  2 dart slugs
  2 ribbon worms (D:2)
  3 orcs (D:4)
  4 ball pythons (D:1)
  7 endoplasms
  4 giant cockroaches
  6 goblins
  2 hobgoblins
  3 jackals (D:1)
  5 kobolds
  2 quokkas
  5 bats
  5 frilled lizards
  5 rats
58 creatures vanquished.

Notes
Turn   | Place    | Note
-------+----------+-------------------------------------------
     0 | D:1      | adelrune the Coglin Hunter began the quest for the Orb.
     0 | D:1      | Reached XP level 1. HP: 16/16 MP: 1/1
   172 | D:1      | Reached XP level 2. HP: 22/22 MP: 2/2
   267 | D:1      | Reached skill level 4 in Ranged Weapons
   352 | D:1      | Reached XP level 3. HP: 28/28 MP: 3/3
   441 | D:1      | Found a faded altar of an unknown god.
  1003 | D:2      | Found a white marble altar of Elyvilon.
  1299 | D:3      | Reached XP level 4. HP: 34/34 MP: 4/4
  1506 | D:3      | Found a snail-covered altar of Cheibriados.
  1803 | D:3      | Found a shimmering altar of Xom.
  2091 | D:4      | Noticed Natasha
  2099 | D:4      | Slain by Natasha

Illustrated notes

Levels and vault maps discovered:
D:1:      dpeg_arrival_rooms_with_view, layout_loops_cross,
          shapermc_ecumenical_altar_hornbeckon, minmay_hedge_maze,
          serial_bayou_pond_a
D:2:      layout_rooms, basic_altar, wad_floor_pattern_2
D:3:      layout_loops_ring, cheibriados_altar_1,
          nicolae_overflow_crystal_walls, hex_large, nicolae_figureground_pulse
D:4:      layout_rooms, nicolae_yredelemnul_ghost_church, uniq_menkaure,
          uniq_blork_the_orc, uniq_natasha

Skill      XL: |  1  2 |
---------------+-------+-----
Dodging        | 2 |  2.6
Ranged Weapons | 4 |  4.7
Fighting       | |  2.9
Stealth        | |  0.7

Action                     |  1- 3 |  4- 6 || total
---------------------------+-------+-------++-------
   Fire: Sling             |   154 |    90 ||   244
 Armour: Leather armour    |     4 |    26 ||    30
  Dodge: Dodged            |    10 |    18 ||    28

Table legend: (Time is in decaauts)
 A = Elapsed time spent in this place.
 B = Non-inter-level travel time spent in this place.
 C = Inter-level travel time spent in this place.
 D = Time resting spent in this place.
 E = Time spent auto-exploring this place.
 F = Levels seen in this place.
 G = Mean time per level.
                   A        B        C        D        E       F      G
               +--------+--------+--------+--------+--------+-----+--------+
         Total |   2137 |   2083 |     54 |     42 |   1737 |   4 |  534.2 |
       Dungeon |   2137 |   2083 |     54 |     42 |   1737 |   4 |  534.2 |
               +--------+--------+--------+--------+--------+-----+--------+

Top non-repeatable levels by time:
     D:3: 775 daAuts
     D:1: 754 daAuts
     D:2: 507 daAuts
     D:4: 100 daAuts
